 Dungeon Crawl Stone Soup version 0.29.1-1-gd02db6906a (webtiles) character file.

Game seed: 5701920936048499794

347 H0rd4k the Insei (level 6, -28/39 HPs)
             Began as an Octopode Transmuter on Oct 18, 2022.
             Annihilated by an ogre
             ... wielding a +0 giant club
              (34 damage)
             ... on level 4 of the Dungeon.
             The game lasted 00:03:35 (5433 turns).

H0rd4k the Insei (Octopode Transmuter)              Turns: 5433, Time: 00:03:35

Health: -28/39     AC:  1    Str:  9    XL:     6   Next: 59%
Magic:  10/10      EV: 13    Int: 17    God:
Gold:   165        SH:  0    Dex: 13    Spells: 10/11 levels left

rFire   . . .      SeeInvis .     - Unarmed
rCold   . . .      Faith    .   (no shield)
rNeg    . . .      Spirit   .   (helmet currently unavailable)
rPois   .          Reflect  .   (no amulet)
rElec   .          Harm     .   (no ring)
rCorr   .          Rampage  .   (no ring)
Will    .....                   (no ring)
Stlth   ++........              (no ring)
HPRegen 0.13/turn               (no ring)
MPRegen 0.12/turn               (no ring)
                                (no ring)
                                (no ring)

@: appendages (expiring)
A: tentacle spike 3, almost no armour, amphibious, 8 rings, camouflage 1,
gelatinous body 1, (nimble swimmer 1), tentacles
a: End Transformation


You were on level 4 of the Dungeon.
One of your tentacles had grown a beastly spike.
You visited 1 branch of the dungeon, and saw 4 of its levels.

You collected 165 gold pieces.

Inventory:

Missiles
 j - a throwing net
Armour
 g - an orb of energy
Jewellery
 i - an amulet of regeneration
Wands
 p - a wand of light (5)
Scrolls
 d - 2 scrolls of teleportation {unknown}
 h - 5 scrolls of identify {unknown}
 k - a scroll of blinking {unknown}
 n - 2 scrolls of amnesia {unknown}
 q - a scroll of magic mapping {unknown}
 r - a scroll of enchant armour {unknown}
 s - a scroll of summoning {unknown}
Potions
 a - 2 potions of lignification
 b - a potion of magic {unknown}
 c - a potion of flight {unknown}
 e - 2 potions of attraction {unknown}
 f - 4 potions of curing {unknown}
 l - a potion of invisibility {unknown}
 m - a potion of mutation {unknown}
 o - a potion of heal wounds {unknown}


   Skills:
 + Level 1.8 Fighting
 + Level 2.8 Dodging
 + Level 5.5 Unarmed Combat
 * Level 3.1 Spellcasting
 * Level 3.1 Transmutations


You had 10 spell levels left.
You knew the following spells:

 Your Spells              Type           Power      Damage    Failure   Level
a - Beastly Appendage     Tmut           26%        N/A       4%          1

Your spell library contained the following spells:

 Spells                   Type           Power      Damage    Failure   Level
 Wereblood                Tmut           13%        N/A       8%          2
 Spider Form              Tmut/Pois      7%         N/A       28%         3
 Ice Form                 Ice/Tmut       7%         N/A       67%         4
 Petrify                  Tmut/Erth      7%         N/A       67%         4
 Metabolic Englaciation   Hex/Ice        1%         N/A       99%         5
 Statue Form              Tmut/Erth      4%         N/A       100%        6


Dungeon Overview and Level Annotations

Branches:
Dungeon (4/15)
 Temple: D:4-7

Altars:
The Shining One

Shops:
D:1 :

Annotations:
D:3 exclusion: downstairs


Innate Abilities, Weirdness & Mutations

One of your tentacles has grown a beastly spike.
You cannot wear most types of armour.
You are amphibious.
You can wear up to eight rings at the same time.
Your skin changes colour to match your surroundings (Stealth+).
Your rubbery body absorbs attacks. (AC +1, EV +1)
((You are camouflaged when in or above water. (Stealth+)))
You have tentacles for arms and can constrict up to eight enemies at once.


Message History

You open the door.
An ogre comes into view. It is wielding a +0 giant club.
An ogre is nearby!
Found a chain mail.
There is an open door here.
Aiming: Bolt of Light
Press: ? - help, Shift-Dir - straight line, f - ogre
Aim: an ogre, wielding a +0 giant club (asleep, 100% to hit)
The bolt of light hits the ogre!
The ogre is moderately wounded.
The ogre is blinded.
Unknown command.
Casting: Beastly Appendage (safe; 4% risk of failure)
Confirm with . or Enter, or press ? or * to list all spells.
One of your tentacles grows a vicious spike.
The ogre closely misses you.
You barely miss the ogre.
You pierce the ogre.
The ogre is moderately wounded.
You tentacle-slap the ogre. You squeeze the ogre.
The ogre is heavily wounded.
The ogre misses you.
You strike the helpless ogre from behind!
You tentacle-slap the ogre.
Your tentacle spike misses the ogre.
The ogre is heavily wounded.
An ogre is nearby!
You strike the helpless ogre from behind!
You tentacle-slap the ogre.
Your tentacle spike misses the ogre.
The ogre is severely wounded.
Your transformation is almost over.
The ogre hits you with a +0 giant club!!
Ouch! That really hurt!
* * * LOW HITPOINT WARNING * * *
You tentacle-slap the ogre but do no damage.
You pierce the ogre.
The ogre is severely wounded.
You tentacle-slap the ogre. You squeeze the ogre.
The ogre is almost dead.
The ogre hits you with a +0 giant club!!
Ouch! That really hurt!
You die...

..# #.# #. #.# ##'##
#. #.# ##...## ##
#.####.###.....## #. #
#...##.##.......###.
#.#...##.#.........##.
#........'.........'..
#.#...##.#........<##.
#....@O..##.......####
###.###.####>....## #
#.# ##...## #.# ##+##
.## [ #. #.


You could see an ogre (blind).

Vanquished Creatures
  A scorpion (D:4)
  A jelly (D:4)
  An orc priest (D:4)
  Ijyb (D:3)
  9 adders
  3 gnolls (D:2)
  2 worms (D:2)
  A dart slug (D:3)
  9 orcs
  4 bats
  4 endoplasms
  A giant cockroach (D:1)
  4 hobgoblins
  6 jackals
  5 kobolds
  6 quokkas
  6 ball pythons
  4 frilled lizards
  8 goblins
  7 rats
83 creatures vanquished.

Vanquished Creatures (others)
  9 plants (D:3)
9 creatures vanquished.

Grand Total: 92 creatures vanquished

Notes
Turn   | Place    | Note
-------+----------+-------------------------------------------
     0 | D:1      | H0rd4k the Octopode Transmuter began the quest for the Orb.
     0 | D:1      | Reached XP level 1. HP: 13/13 MP: 3/3
   351 | D:1      | Found Deask's Book Shop.
   421 | D:1      | Found a faded altar of an unknown god.
   528 | D:1      | Reached XP level 2. HP: 7/18 MP: 5/5
  1688 | D:2      | Reached XP level 3. HP: 23/23 MP: 6/6
  1901 | D:2      | Reached skill level 4 in Unarmed Combat
  1901 | D:2      | Reached XP level 4. HP: 26/28 MP: 5/7
  2859 | D:2      | Reached XP level 5. HP: 33/33 MP: 6/8
  3768 | D:3      | Noticed Ijyb
  3778 | D:3      | Killed Ijyb
  3860 | D:3      | Reached skill level 5 in Unarmed Combat
  4419 | D:4      | Noticed a phantom
  4637 | D:4      | Found a glowing golden altar of the Shining One.
  4669 | D:4      | Reached XP level 6. HP: 39/39 MP: 10/10
  5433 | D:4      | Annihilated by an ogre

Illustrated notes

Levels and vault maps discovered:
D:1:      saegor_arrival_simple_c, layout_loops_corners,
          ebering_ecumenical_altar_ruins, serial_shops, shop_statue,
          grunt_decor_junction
D:2:      layout_basic
D:3:      layout_loops_ring, serial_forest, infiniplex_forest_zigzag_2,
          infiniplex_forest_corner_1, infiniplex_forest_clump_cross,
          infiniplex_forest_end_1, infiniplex_forest_3_way,
          infiniplex_forest_lined_ring, infiniplex_forest_clump_curved,
          infiniplex_forest_corner_1, uniq_ijyb
D:4:      layout_loops_corners, mainiacjoe_overflow_catwalk,
          grunt_decor_mini_mirrors, kennysheep_generic_room_3

Skill      XL: |  1  2  3  4  5  6 |
---------------+-------------------+-----
Unarmed Combat | 4 5 |  5.5
Transmutations | 3 |  3.1
Spellcasting   | 3 |  3.1
Fighting       | |  1.8
Dodging        | |  2.8

Action                   |  1- 3 |  4- 6 || total
-------------------------+-------+-------++-------
Melee: Unarmed           |    74 |   141 ||   215
       Tentacles         |    15 |    29 ||    44
       Constrict         |    13 |    32 ||    45
       Punch             |     4 |     3 ||     7
       Kick              |     5 |    31 ||    36
 Cast: Beastly Appendage |     1 |    20 ||    21
Evoke: Wand              |       |     3 ||     3
 Stab: Sleeping          |     8 |     6 ||    14
       Distracted        |       |     1 ||     1
       Invisible         |       |     2 ||     2
Armor: Skin              |     2 |    12 ||    14
Dodge: Dodged            |    43 |    70 ||   113
